 Dungeon Crawl Stone Soup version 0.16.2-12-gd0ad4c3 (webtiles) character file.

302 faibistes the Magician (level 6, -5/32 HPs)
             Began as a Deep Elf Wizard on Dec 5, 2018.
             Slain by an ogre
             ... wielding a +0 giant club
              (24 damage)
             ... on level 4 of the Dungeon.
             The game lasted 00:12:22 (4550 turns).

faibistes the Magician (Deep Elf Wizard)            Turns: 4550, Time: 00:12:22

Health: -5/32      AC:  4    Str:  4    XL:     6   Next: 14%
Magic:  16/22      EV: 14    Int: 25    God:
Gold:   178        SH:  0    Dex: 13    Spells: 6 memorised, 5 levels left

rFire  . . .     SeeInvis .     w - +1 dagger (venom)
rCold  . . .     Clarity  +     n - +2 animal skin
rNeg   + . .     SustAb   .     (no shield)
rPois  .         Gourm    .     b - +0 hat
rElec  .         Spirit   .     (no cloak)
rCorr  .         Warding  .     (no gloves)
rMut   .         Stasis   .     (no boots)
MR     .....                    f - amulet of clarity
Stlth  +++.......               q - ring of stealth
                                p - ring of positive energy

@: lethally poisoned (-5 -> -13), repel missiles, not resistant to hostile
enchantments, fairly stealthy
A: no striking features
a: no special abilities


You were on level 4 of the Dungeon.
You were not hungry.

You visited 1 branch of the dungeon, and saw 4 of its levels.

You collected 178 gold pieces.

Inventory:

Hand weapons
 j - a +0 club
 l - a +0 dagger
 w - a +1 dagger of venom (weapon)
 W - a +1 spear of freezing
Armour
 a - a +0 robe
 b - a +0 hat (worn)
 n - a +2 animal skin (worn)
Jewellery
 f - an amulet of clarity (around neck)
 p - a ring of positive energy (left hand)
 q - a ring of stealth (right hand)
Scrolls
 e - 2 scrolls of immolation {unknown}
 g - 2 scrolls of identify
 h - a scroll of teleportation {unknown}
 s - a scroll of enchant weapon {unknown}
Potions
 m - a potion of curing
 r - a potion of might
Books
 c - a book of Minor Magic

   Spells                             Type                      Level
   a - Magic Dart                     Conjuration                  1
   b - Blink                          Translocation                2
   c - Call Imp                       Summoning                    2
   d - Repel Missiles                 Charms/Air                   2
   e - Slow                           Hexes                        2
   f - Conjure Flame                  Conjuration/Fire             3
   g - Mephitic Cloud                 Conjuration/Poison/Air       3
Comestibles
 d - 2 bread rations
 k - 3 chunks of flesh
 o - 2 meat rations


   Skills:
 + Level 4.4 Dodging
 - Level 2.4 Stealth
 * Level 6.5 Spellcasting
 - Level 3.9 Conjurations
 - Level 1.1 Summonings
 * Level 1.9 Translocations


You had 5 spell levels left.
You knew the following spells:

 Your Spells              Type           Power        Failure   Level  Hunger
a - Magic Dart            Conj           ####         1%          1    None
b - Conjure Flame         Conj/Fire      ###.....     12%         3    None
c - Call Imp              Summ           ##......     10%         2    None
d - Blink                 Tloc           N/A          6%          2    None
e - Mephitic Cloud        Conj/Pois/Air  ##......     14%         3    None
f - Repel Missiles        Chrm/Air       #.....       12%         2    None


Dungeon Overview and Level Annotations

Branches:
Dungeon (4/15)
 Temple: D:4-7

Altars:
Ashenzari
Gozag
Kikubaaqudgha
Ru
The Shining One


Message History

Confirm with . or Enter, or press ? or * to list all spells.
Aiming: Mephitic Cloud
Press: ? - help, Shift-Dir - straight line, f - ogre, p - worker ant
Aim: an ogre, wielding a giant club The ball explodes into a vile cloud!
The stinking cloud engulfs the ogre.
The stinking cloud engulfs the worker ant.
The worker ant is lightly wounded.
The stinking cloud engulfs you!
The stinking cloud engulfs the orc priest.
You are engulfed in noxious fumes.
You choke on the stench!
You feel momentarily confused.
You feel sick.
The orc priest is engulfed in noxious fumes.
The orc priest appears confused.
The orc priest falls into the lava!
The orc priest is incinerated.
You hear a sizzling splash.
The worker ant is engulfed in noxious fumes.
The worker ant appears confused.
The worker ant bites you.
The ogre is engulfed in noxious fumes.
The ogre hits you with a giant club!!
Ouch! That really hurt!
You die...

≈≈≈ ##≈§.≈§##
##≈≈...≈§##
##≈≈.≈.≈.≈≈##
##≈≈.≈≈.≈≈.≈≈##
#≈≈.≈≈≈.≈§≈.≈≈#
≈§.≈≈≈...≈≈§.§≈
≈≈.≈≈≈.§§..≈§§.≈≈
..≈≈≈..a@§..§≈§.≈
§§.≈≈≈..O§.≈§≈.§≈
≈≈.≈≈§§§§≈≈≈.≈≈
#§≈.≈≈≈.≈≈§.≈≈#
##≈≈.≈§.≈§.§§##
##§≈.≈[§.≈≈##
##≈§...≈§##
##§§.≈≈## §≈§


You could see an ogre and a worker ant (confused).

Vanquished Creatures
  An ogre (D:3)
  An orc priest (D:4)
  An orc wizard (D:2)
  A hound zombie (D:3)
  Robin (D:2)
  3 adders (D:2)
  2 worms (D:3)
  An adder skeleton (D:3)
  An adder zombie (D:3)
  3 giant geckos
  5 orcs (D:3)
  2 bat zombies (D:3)
  8 hobgoblins
  A jackal (D:1)
  6 kobolds
  3 quokkas
  6 bats
  A giant cockroach (D:1)
  3 giant newts (D:1)
  17 goblins
  A jackal skeleton (D:3)
  2 quokka skeletons (D:3)
  10 rats
80 creatures vanquished.

Vanquished Creatures (collateral kills)
  A giant gecko (D:1)
  A giant cockroach (D:3)
  2 hobgoblins (D:1)
  A jackal (D:1)
  A goblin (D:1)
  A quokka zombie (D:3)
7 creatures vanquished.

Grand Total: 87 creatures vanquished

Notes
Turn   | Place    | Note
--------------------------------------------------------------
     0 | D:1      | faibistes, the Deep Elf Wizard, began the quest for the Orb.
     0 | D:1      | Reached XP level 1. HP: 10/10 MP: 6/6
   465 | D:3      | Noticed an ogre
   467 | D:3      | Reached XP level 2. HP: 15/15 MP: 6/9
   473 | D:2      | Learned a level 2 spell: Blink
   476 | D:2      | Learned a level 2 spell: Call Imp
   695 | D:4      | Noticed an ogre
  1140 | D:2      | Reached XP level 3. HP: 19/19 MP: 11/13
  1146 | D:2      | Learned a level 3 spell: Conjure Flame
  1150 | D:2      | Learned a level 3 spell: Mephitic Cloud
  1173 | D:2      | Noticed Robin
  2080 | D:2      | Killed Robin
  2080 | D:2      | Reached skill level 5 in Spellcasting
  2384 | D:2      | Found an opulent altar of Gozag.
  2688 | D:2      | Found a glowing golden altar of the Shining One.
  2759 | D:2      | Found a shattered altar of Ashenzari.
  2887 | D:2      | Found a sacrificial altar of Ru.
  2937 | D:2      | Reached XP level 4. HP: 24/24 MP: 12/17
  2945 | D:2      | Learned a level 2 spell: Repel Missiles
  3079 | D:2      | Found an ancient bone altar of Kikubaaqudgha.
  3596 | D:3      | Noticed an orc wizard
  3598 | D:3      | Killed an ogre
  3598 | D:3      | Reached skill level 6 in Spellcasting
  3598 | D:3      | Reached XP level 5. HP: 17/28 MP: 1/20
  3887 | D:2      | Killed an orc wizard
  4145 | D:3      | Reached XP level 6. HP: 32/32 MP: 18/22
  4550 | D:4      | Slain by an ogre

Action                   |  1- 3 |  4- 6 || total
-------------------------+-------+-------++-------
Melee: Unarmed           |     5 |       ||     5
       Spear             |    10 |    21 ||    31
       Dagger            |     4 |     1 ||     5
 Cast: Magic Dart        |   109 |    71 ||   180
       Call Imp          |     5 |       ||     5
       Mephitic Cloud    |     5 |     8 ||    13
       Blink             |     3 |     1 ||     4
       Conjure Flame     |     1 |     4 ||     5
       Repel Missiles    |       |     1 ||     1
  Use: Scroll            |     2 |     2 ||     4
 Stab: Sleeping          |     1 |     2 ||     3
       Confused          |     1 |       ||     1
  Eat: Chunk             |     6 |     5 ||    11
